Map: [ESL] Gresvan

Players

Bly - Winner!

  • Race: Zerg Zerg
  • Spawn Location: 5:00

Strange

  • Race: Protoss Protoss
  • Spawn Location: 11:00

Event: ESL SC2 Masters 2023 Summer (Regionals)

VOD

Have the link to the VOD?

Description

Time

  • Played on: May 14, 2023, 1:18 p.m.
  • Length: 12:36

All games in this series

Show
View Real Time Build Order
Export as new Build Order

Bly Zerg - Winner!

Build Orders: Pool First 

Get SALT Encoding   

  12  0:01  Drone  
  13  0:08  Drone  
  14  0:25  Spawning Pool  
  13  0:29  Drone  
  14  0:36  Extractor, Drone  
  14  0:41  Extractor  
  14  0:42  Drone  
  14  0:47  Overlord  
  16  1:12  Zergling x4  
  16  1:18  Hatchery  
  17  1:20  Zergling x2  
  18  1:25  Zergling x2  
  19  1:33  Zergling x2  
  20  1:50  Hatchery  
  19  1:55  Drone  
  19  1:57  Drone  
  21  2:10  Extractor, Queen  
  22  2:21  Drone  
  22  2:24  Overlord  
  22  2:30  Overlord  
  21  2:40  Hatchery  
  21  2:43  Drone  
  21  2:49  Drone  
  22  2:59  Queen  
  22  3:01  Drone  
  22  3:05  Drone  
  26  3:14  Drone x2  
  26  3:19  Metabolic Boost  
  28  3:23  Drone x2  
  30  3:28  Drone x2  
  30  3:33  Overlord  
  32  3:40  Drone x2  
  34  3:45  Drone  
  35  3:52  Drone  
  36  3:55  Drone  
  36  3:56  Drone x2  
  36  4:01  Zergling x2  
  39  4:07  Zergling x2  
  40  4:15  Drone x3  
  40  4:16  Drone x3  
  45  4:20  Queen  
  47  4:27  Overlord  
  47  4:31  Hatchery  
  45  4:38  Drone x4  
  48  4:46  Lair  
  48  4:48  Drone x2  
  48  4:49  Drone  
  51  4:56  Queen, Overlord  
  53  5:00  Spore Crawler  
  53  5:03  Overlord  
  53  5:05  Overlord  
  52  5:14  Overlord  
  52  5:16  Spore Crawler  
  52  5:20  Roach Warren  
  50  5:22  Drone x4  
  54  5:31  Drone x4  
  54  5:33  Extractor  
  54  5:34  Extractor  
  56  5:36  Overlord  
  56  5:41  Zergling x6  
  59  5:51  Drone x4  
  59  5:52  Overseer  
  59  5:54  Queen  
  59  5:55  Spore Crawler  
  59  5:56  Overlord  
  64  6:00  Glial Reconstitution  
  63  6:13  Roach  
  63  6:14  Roach x6  
  63  6:17  Queen  
  79  6:31  Queen x2, Overlord  
  83  6:34  Hydralisk Den  
  81  6:43  Overlord  
  81  6:49  Drone x7  
  81  6:50  Spire  
  81  6:51  Extractor, Drone  
  81  6:52  Drone x2  
  90  7:00  Drone x6  
  96  7:07  Extractor  
  95  7:08  Extractor  
  94  7:16  Drone x4  
  94  7:17  Spore Crawler  
  94  7:19  Tunneling Claws  
  94  7:21  Burrow  
  97  7:23  Hatchery  
  84  8:03  Corruptor x7  
  90  8:06  Queen x2  
  90  8:11  Corruptor  
  92  8:13  Drone x9  
  92  8:14  Hatchery  
  100  8:25  Extractor, Drone x3  
  102  8:27  Extractor, Zerg Flyer Weapons Level 1  
  102  8:28  Corruptor  
  103  8:37  Roach x4  
  109  8:50  Drone x3  
  112  8:56  Drone, Evolution Chamber  
  112  8:57  Drone x7, Overlord  
  112  8:58  Overlord  
  119  9:09  Overlord x2  
  119  9:24  Infestation Pit, Zerg Melee Weapons Level 1  
  119  9:29  Hatchery  
  119  9:31  Corruptor x8  
  117  9:36  Roach x2  
  117  9:37  Roach x2, Drone x5  
  138  9:46  Corruptor  
  138  9:47  Corruptor x2  
  138  9:50  Overlord  
  142  10:01  Extractor  
  142  10:03  Extractor, Hive  
  142  10:04  Corruptor x3  
  142  10:06  Roach x2  
  144  10:13  Drone  
  145  10:18  Corruptor x4  
  145  10:19  Hatchery  
  152  10:23  Zergling x10  
  157  10:28  Roach  
  155  10:37  Corruptor  
  155  10:38  Corruptor x3  
  163  10:48  Roach x4, Overlord  
  164  11:02  Corruptor x4  
  167  11:06  Overlord  
  167  11:07  Overlord x3  
  166  11:13  Baneling Nest  
  149  11:30  Roach  
  149  11:31  Roach x11  
  167  11:48  Zergling x2  
  167  11:49  Zergling x34  
  167  11:53  Roach x2  
  185  11:54  Roach x2  
  185  12:07  Corruptor  
  191  12:10  Overlord  
  191  12:15  Overlord  
Show
View Real Time Build Order
Export as new Build Order

Strange Protoss 

Build Orders: Carriers 

Get SALT Encoding   

  12  0:01  Probe  
  13  0:13  Probe  
  14  0:21  Pylon  
  14  0:25  Probe  
  15  0:39  Probe (Chrono Boost)  
  16  0:43  Gateway  
  16  0:48  Probe (Chrono Boost)  
  17  0:50  Assimilator  
  17  0:53  Probe  
  18  1:05  Probe  
  19  1:18  Probe  
  20  1:24  Pylon  
  20  1:27  Forge  
  20  1:28  Zealot (Chrono Boost)  
  22  1:36  Cybernetics Core  
  22  1:47  Zealot (Chrono Boost)  
  22  1:50  Pylon  
  24  1:59  Photon Cannon  
  24  2:06  Probe  
  27  2:21  Gateway  
  23  2:37  Nexus  
  23  2:40  Assimilator  
  23  2:44  Probe  
  24  2:47  Warp Gate  
  24  2:56  Probe  
  25  3:02  Stargate  
  25  3:07  Adept (Chrono Boost)  
  25  3:08  Probe  
  28  3:20  Probe, Shield Battery  
  29  3:30  Stalker  
  29  3:33  Probe  
  32  3:53  Void Ray (Chrono Boost)  
  35  3:57  Probe  
  35  4:00  Probe  
  38  4:11  Probe (Chrono Boost)  
  38  4:12  Probe (Chrono Boost)  
  39  4:24  Probe (Chrono Boost)  
  39  4:26  Probe (Chrono Boost)  
  39  4:29  Probe (Chrono Boost)  
  40  4:33  Probe  
  40  4:37  Assimilator  
  41  4:39  Probe  
  41  4:40  Assimilator  
  42  4:45  Probe  
  42  4:51  Probe  
  44  4:52  Fleet Beacon  
  44  4:55  Stargate  
  44  4:57  Probe  
  45  5:03  Probe  
  46  5:08  Pylon  
  46  5:10  Probe  
  47  5:15  Probe  
  47  5:20  Pylon  
  48  5:22  Probe  
  48  5:27  Probe  
  50  5:32  Adept  
  50  5:34  Probe  
  53  5:39  Probe  
  54  5:44  Carrier (Chrono Boost)  
  66  5:51  Probe  
  66  5:53  Carrier (Chrono Boost)  
  67  6:02  Pylon  
  65  6:19  Pylon  
  65  6:28  Zealot  
  67  6:36  Carrier (Chrono Boost)  
  79  6:42  Carrier (Chrono Boost)  
  79  6:47  Nexus  
  79  6:49  Shield Battery  
  79  6:55  Probe  
  79  6:56  Probe  
  79  7:01  Forge  
  81  7:06  Protoss Air Weapons Level 1 (Chrono Boost)  
  81  7:08  Probe x2  
  83  7:19  Pylon  
  83  7:20  Probe x2  
  85  7:32  Probe  
  85  7:36  Carrier (Chrono Boost)  
  86  7:37  Probe  
  86  7:40  Pylon x2  
  94  7:44  Probe  
  94  7:54  Probe  
  94  7:56  Probe  
  88  8:01  Carrier (Chrono Boost)  
  90  8:06  Probe  
  90  8:07  Probe  
  90  8:08  Probe  
  92  8:18  Probe, Assimilator  
  94  8:20  Probe x2, Assimilator  
  94  8:26  Stargate  
  95  8:30  Probe  
  95  8:32  Probe, Photon Cannon  
  103  8:35  Probe  
  103  8:39  Carrier (Chrono Boost)  
  104  8:42  Probe  
  95  8:52  Photon Cannon  
  95  8:54  Photon Cannon  
  95  8:55  Photon Cannon  
  95  9:00  Photon Cannon  
  95  9:02  Void Ray (Chrono Boost)  
  99  9:16  Stalker  
  99  9:17  Protoss Air Weapons Level 2 (Chrono Boost)  
  105  9:20  Pylon  
  105  9:22  Pylon  
  105  9:23  Void Ray (Chrono Boost)  
  105  9:32  Shield Battery  
  105  9:36  Pylon, Void Ray  
  109  9:44  Sentry  
  115  9:46  Void Ray  
  115  9:48  Twilight Council  
  119  10:01  Void Ray  
  117  10:11  Probe x2, Robotics Facility, Protoss Ground Weapons Level 1 (Chrono Boost)  
  117  10:12  Probe  
  119  10:14  Charge (Chrono Boost)  
  119  10:15  Pylon  
  119  10:21  Gateway x2  
  119  10:22  Gateway  
  119  10:23  Gateway  
  113  10:39  Void Ray  
  113  10:41  Stalker  
  119  10:44  Void Ray  
  119  10:52  Templar Archives  
  118  10:59  Observer  
  118  11:02  Void Ray  
  117  11:05  Probe x3  
  120  11:17  Probe x3  
  111  11:23  Void Ray, Stalker x4  
  99  11:49  Zealot x5  
  109  11:57  Nexus  
  109  11:58  Pylon  
  109  12:11  Zealot x4  
  109  12:13  Zealot  
  88  12:32  Stalker x4  
Tags
 
Add a new tag
Caveats
  • Supply blocks, unpowered buildings, or Contaminate may cause inaccurate times.
  • Supply counts are checked every 10 seconds.